 Dungeon Crawl Stone Soup version 0.28-a0-1356-g2ad6d04315 (webtiles) character file.

Game seed: 15641993124442849567

116 SensoryNuts the Covered (level 5, -5/33 HPs)
             Began as a Gargoyle Fighter on Dec 30, 2021.
             Was a Believer of Dithmenos.
             Slain by a scorpion (8 damage)
             ... on level 4 of the Dungeon.
             The game lasted 00:03:19 (2804 turns).

SensoryNuts the Covered (Gargoyle Fighter)          Turns: 2804, Time: 00:03:20

Health: -5/33      AC: 11    Str: 21    XL:     5   Next: 0%
Magic:  5/5        EV: 10    Int:  9    God:    Dithmenos [**....]
Gold:   175        SH:  4    Dex:  9    Spells: 4/4 levels left

rFire   . . .      SeeInvis .   l - +1 mace
rCold   . . .      Faith    .   c - +0 buckler
rNeg    + . .      Spirit   .   b - +0 scale mail
rPois   ∞          Reflect  .   (no helmet)
rElec   +          Harm     .   (no cloak)
rCorr   .          Rampage  .   (no gloves)
Will    .....                   (no boots)
Stlth   ..........              (no amulet)
HPRegen 0.11/turn               (no ring)
MPRegen 0.09/turn               (no ring)

@: mighty, wreathed by umbra
A: sickness immunity, AC +4, negative energy resistance 1, electricity
resistance, torment resistance 1, petrification resistance
a: Renounce Religion, Shadow Step


You were on level 4 of the Dungeon.
You worshipped Dithmenos.
Dithmenos was pleased with you.
You visited 1 branch of the dungeon, and saw 4 of its levels.

You collected 175 gold pieces.

Inventory:

Hand Weapons
 a - a +0 flail
 l - a +1 mace (weapon)
Armour
 b - a +0 scale mail (worn)
 c - a +0 buckler (worn)
 e - a +0 pair of gloves
Scrolls
 f - a scroll of immolation {unknown}
 g - 2 scrolls of noise
 i - a scroll of identify
 j - a scroll of teleportation
Potions
 d - 3 potions of might
 h - a potion of magic {unknown}


   Skills:
 + Level 3.7 Fighting
 + Level 3.2 Maces & Flails
 + Level 4.0 Armour
 + Level 1.0 Dodging
 + Level 1.0 Stealth
 + Level 3.7 Shields


You had 4 spell levels left.
You didn't know any spells.
Your spell library contained the following spells:

 Spells                   Type           Power      Damage    Failure   Level
 Dazzling Flash           Conj/Hex       0%         N/A       97%         3
 Agony                    Necr           0%         N/A       100%        5
 Silence                  Hex/Air        0%         N/A       100%        5


Dungeon Overview and Level Annotations

Branches:
Dungeon (3/15)

Altars:
Dithmenos
Vehumet
Wu Jian

Annotations:
D:3 3 runed translucent doors, freelancePsychic's ghost, amateur DsBr


Innate Abilities, Weirdness & Mutations

You are immune to sickness and miasma.
Your stone body is resilient. (AC +4)
You are immune to poison.
You resist negative energy. (rN+)
You are resistant to electric shocks. (rElec)
You are resistant to unholy torment.
You are immune to petrification.


Message History

You are too injured to fight recklessly!
You are too injured to fight recklessly!
You closely miss the scorpion.
The scorpion is heavily wounded.
The scorpion stings you but does no damage.
You barely miss the scorpion.
The scorpion is heavily wounded.
The scorpion barely misses you. x2
You barely miss the scorpion.
The scorpion is heavily wounded.
You block the scorpion's attack.
You closely miss the scorpion.
The scorpion is heavily wounded.
The scorpion closely misses you. The scorpion barely misses you.
You closely miss the scorpion.
The scorpion is heavily wounded.
The scorpion stings you.
* * * LOW HITPOINT WARNING * * *
You barely miss the scorpion.
The scorpion is heavily wounded.
You block the scorpion's attack. The scorpion stings you.
* * * LOW HITPOINT WARNING * * *
You hit the scorpion.
The scorpion is severely wounded.
The scorpion closely misses you.
You hit the scorpion but do no damage.
The scorpion is severely wounded.
The scorpion stings you.
* * * LOW HITPOINT WARNING * * *
The scorpion stings you but does no damage.
You hit the scorpion but do no damage.
The scorpion is severely wounded.
The scorpion barely misses you.
You feel very mighty all of a sudden. The scorpion barely misses you.
You closely miss the scorpion.
The scorpion is severely wounded.
The scorpion stings you but does no damage.
The scorpion stings you!
You die...

#.##'##.#
#.##.##.####
##.##........
#.........#
###.........#
..#.#.....#.#
#.#.##...##
#s#.###.##
#@#.###.#
#.......#
###.#####
#........
#########


You could see a scorpion.

Vanquished Creatures
  5 adders
  An adder skeleton (D:4)
  2 dart slugs
  2 orcs (D:4)
  2 bats
  6 endoplasms
  A giant cockroach (D:2)
  5 goblins
  5 hobgoblins
  5 jackals (D:1)
  3 quokkas
  9 ball pythons
  4 frilled lizards
  4 kobolds
  3 rats (D:1)
57 creatures vanquished.

Notes
Turn   | Place    | Note
-------+----------+-------------------------------------------
     0 | D:1      | SensoryNuts the Gargoyle Fighter began the quest for the
                  | Orb.
     0 | D:1      | Reached XP level 1. HP: 14/14 MP: 1/1
   287 | D:1      | Reached XP level 2. HP: 19/19 MP: 2/2
   334 | D:1      | Found a faded altar of an unknown god.
   595 | D:1      | Prayed at the altar of an unknown god.
   595 | D:1      | Became a worshipper of Dithmenos the Shadowed
   595 | D:1      | Reached * piety under Dithmenos
   796 | D:1      | Reached XP level 3. HP: 19/23 MP: 3/3
  1405 | D:2      | Reached XP level 4. HP: 28/28 MP: 4/4
  1676 | D:2      | Reached skill level 1 in Stealth
  2183 | D:3      | Reached ** piety under Dithmenos
  2196 | D:3      | Found a runed translucent gate.
  2196 | D:3      | Found a runed translucent gate.
  2196 | D:3      | Found a runed translucent gate.
  2198 | D:3      | Noticed freelancePsychic's ghost (amateur DsBr)
  2200 | D:3      | Noticed a kobold brigand
  2215 | D:3      | Found an ornate altar of the Wu Jian Council.
  2276 | D:3      | You fall into a shaft and drop 1 floor!
  2537 | D:4      | Reached skill level 4 in Armour
  2539 | D:4      | Found a radiant altar of Vehumet.
  2682 | D:4      | Reached skill level 1 in Dodging
  2684 | D:4      | Reached XP level 5. HP: 25/33 MP: 5/5
  2804 | D:4      | Slain by a scorpion

Illustrated notes

Levels and vault maps discovered:
D:1:      tarquinn_simple_flora_water_d, layout_basic,
          ebering_ecumenical_altar_box, minmay_split_cup_small
D:2:      layout_loops_ring, minmay_misc_feat_pillars
D:3:      layout_loops_cross, nzn_wu_jian_council_hall, zin_angel,
          gammafunk_ghost_nasty_kobolds, kennysheep_nub,
          roderic_serpentine_path, minmay_misc_feat_iff
D:4:      layout_loops_corners, vehumet_crystals

Skill      XL: |  1  2  3  4 |
---------------+-------------+-----
Maces & Flails | 3 |  3.2
Stealth        | 1 |  1.0
Armour         | 4 |  4.0
Dodging        | 1 |  1.0
Fighting       | |  3.7
Shields        | |  3.7

Action                   |  1- 3 |  4- 6 || total
-------------------------+-------+-------++-------
Melee: Flail             |   110 |       ||   110
       Mace              |       |   118 ||   118
  Use: Potion            |     1 |     3 ||     4
       Scroll            |     1 |     2 ||     3
Armor: Scale mail        |    67 |    55 ||   122
Dodge: Dodged            |    65 |    62 ||   127
Block: Buckler           |    19 |    23 ||    42

Table legend: (Time is in decaauts)
 A = Elapsed time spent in this place.
 B = Non-inter-level travel time spent in this place.
 C = Inter-level travel time spent in this place.
 D = Time resting spent in this place.
 E = Time spent auto-exploring this place.
 F = Levels seen in this place.
 G = Mean time per level.
                   A        B        C        D        E       F      G
               +--------+--------+--------+--------+--------+-----+--------+
         Total |   2864 |   2768 |     96 |    100 |   2162 |   4 |  716.0 |
       Dungeon |   2864 |   2768 |     96 |    100 |   2162 |   4 |  716.0 |
               +--------+--------+--------+--------+--------+-----+--------+

Top non-repeatable levels by time:
     D:2: 1317 daAuts
     D:1: 906 daAuts
     D:4: 545 daAuts
     D:3: 94 daAuts
